 Dungeon Crawl Stone Soup version 0.23.2-30-g0e89c35649 (webtiles) character file.

Game seed: 18292492140724554405

192 sankara the Chucker (level 5, -1/55 HPs)
             Began as an Ogre Hunter on June 21, 2019.
             Slain by an orc priest
             ... wielding a +0 club
              (5 damage)
             ... on level 3 of the Dungeon.
             The game lasted 00:09:07 (3692 turns).

sankara the Chucker (Ogre Hunter)                   Turns: 3692, Time: 00:09:08

Health: -1/55      AC:  3    Str: 17    XL:     5   Next: 71%
Magic:  5/5        EV:  9    Int: 12    God:
Gold:   138        SH:  0    Dex:  9    Spells: 4/4 levels left

rFire    . . .     SeeInvis .   a - +0 hand axe
rCold    . . .     Gourm    .   (no shield)
rNeg     . . .     Faith    .   b - +0 robe
rPois    .         Spirit   .   (helmet restricted)
rElec    .         Reflect  .   (no cloak)
rCorr    .         Harm     .   (gloves unavailable)
MR       .....                  (boots unavailable)
Stlth    +.........             (no amulet)
HPRegen  0.18/turn              (no ring)
MPRegen  0.09/turn              (no ring)

@: heavily drained
A: large, unfitting armour, tough skin 1
a: no special abilities


You were on level 3 of the Dungeon.
You were not hungry.

You visited 1 branch of the dungeon, and saw 3 of its levels.

You collected 138 gold pieces.

Inventory:

Hand Weapons
 a - a +0 hand axe (weapon)
   (You found it on level 1 of the Dungeon)
 p - a +0 hunting sling
   (You took it off a goblin on level 2 of the Dungeon)
 q - a +1 whip of flaming
   (You found it on level 2 of the Dungeon)
Missiles
 c - 5 large rocks (quivered) {!d}
 d - 2 throwing nets {=f, !d}
 e - 136 stones
Armour
 b - a +0 robe (worn)
Jewellery
 l - an uncursed amulet of harm
   (You found it on level 3 of the Dungeon)
Scrolls
 g - 2 scrolls of identify {unknown}
 h - 3 scrolls of amnesia {unknown}
 i - a scroll of teleportation {unknown}
 k - a scroll of fear {unknown}
 m - a scroll of remove curse {unknown}
 t - 2 scrolls of enchant armour {unknown}
Potions
 j - 6 potions of curing {unknown}
 n - 2 potions of degeneration {unknown}
 o - a potion of invisibility {unknown}
 r - a potion of lignification {unknown}
 s - a potion of brilliance {unknown}
 u - a potion of flight {unknown}
Comestibles
 f - 5 rations
 v - 2 chunks of flesh {@w0}


   Skills:
 + Level 4.6(2.9) Fighting
 * Level 3.3(1.7) Axes
 + Level 4.8(3.1) Throwing
 - Level 1.7(0.2) Dodging
 - Level 0.6(0.0) Stealth


You had 4 spell levels left.
You didn't know any spells.
Your spell library was empty.

Dungeon Overview and Level Annotations

Branches:
Dungeon (3/15)

Altars:

Annotations:
D:3 Jessica, Natasha


Innate Abilities, Weirdness & Mutations

You are too large for most types of armour.
You have tough skin. (AC +1)


Message History

The rat twitches its whiskers.
The rat completely misses you. The rat closely misses you.
You hit the rat.
You kill the rat!
No target in view!
No target in view!
No target in view!
No target in view!
You see here a rat corpse.
You butcher the rat corpse.
v - a chunk of flesh {@w0} You see here a rat skeleton.
Eating a chunk of flesh {@w0}.
You eat the chunk of flesh {@w0}.
This raw flesh tastes terrible.
An orc comes into view. It is wielding a +0 short sword.
The orc shouts!
The orc hits you but does no damage.
You closely miss the orc. The orc hits you with a +0 short sword.
You hit the orc.
The orc is heavily wounded.
The orc hits you but does no damage.
You hit the orc.
You kill the orc!
No target in view!
No target in view!
Things that are here:
a +0 short sword; an orc corpse You butcher the orc corpse.
v - 2 chunks of flesh {@w0}
Things that are here:
a +0 short sword; an orc skeleton
Found a stone staircase leading up.
Things that are here:
a +0 short sword; an orc skeleton You now have 138 gold pieces (gained 12).
An orc priest comes into view.
It is wielding a +0 club and wearing a +1 leather armour of cold resistance.
The orc priest shouts!
You hear a shout! x2
An orc comes into view.
It is wielding a +2 flail of protection.
The orc priest moves out of view.
An orc comes into view. It is wielding a +0 mace.
Jessica the Apprentice Sorceress comes into view.
She is wielding a +0 dagger.
Jessica shouts!
The orc shouts!
A kobold comes into view. It is wielding a +0 short sword.
Natasha, Servant of Life and Death comes into view.
An orc comes into view.
Natasha hisses angrily.
The orc shouts!
The kobold shouts!
Natasha mumbles some strange words.
The orc priest mumbles some strange prayers to Beogh against you.
Beogh smites you! Jessica gestures at you while chanting.
Pain shoots through your body!
Jessica mumbles some strange words.
Jessica seems to speed up.
Natasha mumbles some strange words.
The orc priest looks encouraged for a moment.
The crimson imp blinks!
Jessica gestures wildly while chanting.
Jessica blinks!
You hit the orc.
The orc is severely wounded.
The orc hits you with a cursed +0 mace.
The crimson imp blinks!
You hit the orc.
You kill the orc!
The crimson imp blinks!
The orc hits you with a +2 flail of protection.
The orc priest looks encouraged for a moment.
You hit the orc.
The orc is heavily wounded.
Jessica says, "Why did you come here?"
The crimson imp blinks!
The orc priest misses you. The orc barely misses you.
Things that are here:
a cursed +0 mace; an orc corpse You hit the orc priest.
The orc priest is lightly wounded.
You barely miss the orc. The orc priest barely misses you.
The orc hits you but does no damage.
Jessica casts a spell.
Jessica blinks!
You closely miss the orc priest.
The orc priest is lightly wounded.
You closely miss the orc. The orc priest hits you with a +0 club.
The orc hits you with a +2 flail of protection!
* * * LOW HITPOINT WARNING * * *
You hit the orc priest but do no damage.
The orc priest is lightly wounded.
You hit the orc.
You kill the orc!
The orc priest calls down the wrath of Beogh upon you.
Beogh smites you!
* * * LOW HITPOINT WARNING * * *
You completely miss the orc priest.
The orc priest is lightly wounded.
Natasha wildly gestures.
You feel troubled. The orc priest hits you with a +0 club.
* * * LOW HITPOINT WARNING * * *
You hit the orc priest but do no damage.
The orc priest is lightly wounded.
The orc priest hits you with a +0 club.
You die...

#.# #.........#
#.# #.........#
#.######......#
#.............#
###..#######'####
#....#######.#
#.#........#.#
#.#..)..รท....#
#.##@###.#######
#.##o# #.###...#
#.##o# #....)#.#
#+##h#
#######.######
#...@K.....#
#...##...
#..........#
#...##...
#..........#
#...##...
#..........#
#...##...
#..........#
#...##...


You could see an orc priest, Natasha, Jessica, an orc and a kobold.

Vanquished Creatures
  Terence (D:3)
  Natasha (twice) (D:3)
  3 adders
  An ooze (D:3)
  4 worms
  A leopard gecko (D:1)
  3 orcs (D:3)
  9 bats
  6 giant cockroaches
  8 goblins
  5 hobgoblins
  4 jackals (D:1)
  11 kobolds
  A quokka (D:3)
  A ball python (D:3)
  10 frilled lizards
  5 rats
75 creatures vanquished.

Notes
Turn   | Place    | Note
-------+----------+-------------------------------------------
     0 | D:1      | sankara the Ogre Hunter began the quest for the Orb.
     0 | D:1      | Reached XP level 1. HP: 22/22 MP: 1/1
    27 | D:1      | Reached skill level 3 in Fighting
   110 | D:1      | Reached XP level 2. HP: 26/31 MP: 2/2
   616 | D:1      | Reached skill level 1 in Axes
   643 | D:1      | Reached XP level 3. HP: 33/37 MP: 3/3
  1757 | D:2      | Reached skill level 4 in Fighting
  1757 | D:2      | Reached skill level 2 in Axes
  1757 | D:2      | Reached XP level 4. HP: 29/48 MP: 4/4
  2316 | D:3      | Noticed Terence
  2338 | D:3      | Killed Terence
  2918 | D:3      | Noticed Natasha
  2926 | D:3      | Killed Natasha
  2926 | D:3      | Reached XP level 5. HP: 49/55 MP: 5/5
  3012 | D:3      | Reached skill level 3 in Axes
  3176 | D:3      | Noticed Natasha
  3194 | D:3      | HP: 12/55 [Natasha (5)]
  3196 | D:3      | HP: 2/55 [Natasha/magic dart (6)]
  3197 | D:3      | Killed Natasha
  3676 | D:3      | Noticed Jessica
  3677 | D:3      | Noticed Natasha
  3690 | D:3      | HP: 7/55 [orc priest/divine providence (9)]
  3692 | D:3      | Slain by an orc priest

Skill      XL: |  1  2  3  4  5 |
---------------+----------------+-----
Fighting       | 3 4 |  4.6
Axes           | 1 2 3 |  3.3
Throwing       | |  4.8
Dodging        | |  1.7
Stealth        | |  0.6

Action                   |  1- 3 |  4- 6 || total
-------------------------+-------+-------++-------
Melee: Short sword       |    33 |       ||    33
       Hand axe          |   144 |   107 ||   251
       Whip              |       |    31 ||    31
Throw: Stone             |     1 |       ||     1
 Stab: Distracted        |     1 |       ||     1
       Sleeping          |     1 |       ||     1
  Eat: Chunk             |     3 |     6 ||     9
Armor: Robe              |    68 |    30 ||    98
Dodge: Dodged            |   129 |    67 ||   196

Levels and vault maps discovered:
D:1:      dpeg_arrival_arbitrary_b, layout_basic, serial_rivers,
          chequers_serial_rivers_micro_c, chequers_serial_rivers_small_3,
          chequers_serial_rivers_micro_e, chequers_serial_rivers_small_a,
          chequers_serial_rivers_marsh
D:2:      layout_rooms
D:3:      layout_basic, uniq_jessica, uniq_natasha, uniq_terence

Table legend:
 A = Turns spent in this place as a percentage of turns spent in the entire game.
 B = Non-inter-level travel turns spent in this place as a percentage of non-inter-level travel turns spent in the entire game.
 C = Inter-level travel turns spent in this place as a percentage of turns spent in this place.
 D = Turns resting spent in this place as a percentage of non-inter-level travel turns spent in this place.
 E = Turns spent auto-exploring this place as a percentage of non-inter-level travel turns spent in this place.
 F = Non-inter-level travel turns spent in this place divided by the number of levels of this place that you've seen.
                   A       B       C       D       E      F
               +-------+-------+-------+-------+-------+----------------------
         Total | 100.0 | 100.0 |   1.8 |  47.2 |  33.9 | 1208.0
       Dungeon | 100.0 | 100.0 |   1.8 |  47.2 |  33.9 | 1208.0
               +-------+-------+-------+-------+-------+----------------------

Table legend:
 A = Kills in this place as a percentage of kills in entire the game.
 B = Kills by you in this place as a percentage of kills by you in the entire game.
 C = Kills by friends in this place as a percentage of kills by friends in the entire game.
 D = Other kills in this place as a percentage of other kills in the entire game.
 E = Experience gained in this place as a percentage of experience gained in the entire game.
 F = Experience gained in this place divided by the number of levels of this place that you have seen.
                   A       B       C       D       E      F
               +-------+-------+-------+-------+-------+----------------------
         Total | 100.0 | 100.0 |   N/A |   N/A | 100.0 |  91.7
       Dungeon | 100.0 | 100.0 |   N/A |   N/A | 100.0 |  91.7
               +-------+-------+-------+-------+-------+----------------------
